 Dungeon Crawl Stone Soup version 0.30-a0-137-gd8773701ce (webtiles) character file.

Game seed: 8405555347045749645

286 jimonade the Skirmisher (level 6, -2/34 HPs)
             Began as a Deep Elf Hunter on Sept 22, 2022.
             Slain by a scorpion (4 damage)
             ... on level 5 of the Dungeon on Sept 23, 2022.
             The game lasted 00:09:30 (3684 turns).

jimonade the Skirmisher (Deep Elf Hunter)           Turns: 3684, Time: 00:09:31

Health: -2/34      AC:  6    Str:  8    XL:     6   Next: 8%
Magic:  8/8        EV:  7    Int: 14    God:
Gold:   198        SH:  5    Dex: 20    Spells: 5/5 levels left

rFire   . . .      SeeInvis +    a - +0 shortbow
rCold   . . .      Faith    .    (shield currently unavailable)
rNeg    . . .      Spirit   .    o - +0 ring mail
rPois   .          Reflect  +    (no helmet)
rElec   .          Harm     .    (no cloak)
rCorr   .          Rampage  .    (no gloves)
Will    .....                    q - +0 pair of boots
Stlth   +.........               i - amulet of reflection
HPRegen 0.11/turn                d - ring of see invisible
MPRegen 0.11/turn                (no ring)

@: weak-willed, constricted
A: no striking features
a: no special abilities


You were on level 5 of the Dungeon.
You visited 1 branch of the dungeon, and saw 5 of its levels.

You collected 198 gold pieces.

Inventory:

Hand Weapons
 a - a +0 shortbow (weapon)
 l - a +1 halberd of flaming
 r - a +0 dagger of draining
Missiles
 g - 2 throwing nets
 j - 8 poisoned darts
Armour
 c - a +0 leather armour
 o - a +0 ring mail (worn)
 q - a +0 pair of boots (worn)
Magical Staves
 n - a staff of air
Jewellery
 d - a ring of see invisible (left hand)
 i - an amulet of reflection (around neck)
 u - a ring of see invisible
Scrolls
 b - 3 scrolls of immolation
 w - 3 scrolls of identify
 x - a scroll of fog {unknown}
Potions
 e - a potion of invisibility
 h - 3 potions of brilliance
 m - 2 potions of haste
 p - a potion of berserk rage


   Skills:
 - Level 1.5 Fighting
 + Level 9.7 Ranged Weapons
 - Level 2.4 Dodging
 - Level 1.2 Stealth


You had 5 spell levels left.
You didn't know any spells.
Your spell library contained the following spells:

 Spells                   Type           Power      Damage    Failure   Level
 Beastly Appendage        Tmut           0%         N/A       65%         1
 Blink                    Tloc           0%         N/A       80%         2
 Sublimation of Blood     Necr           0%         N/A       80%         2
 Wereblood                Tmut           0%         N/A       80%         2
 Lesser Beckoning         Tloc           0%         N/A       95%         3
 Spider Form              Tmut/Pois      0%         N/A       95%         3
 Anguish                  Hex/Necr       0%         N/A       100%        4
 Manifold Assault         Tloc           0%         N/A       100%        4
 Enfeeble                 Hex            0%         N/A       100%        7
 Summon Hydra             Summ           0%         N/A       100%        7


Dungeon Overview and Level Annotations

Branches:
Dungeon (5/15)
 Temple: D:4-7

Altars:
Dithmenos

Annotations:
D:1 exclusion: downstairs


Message History

You feel strangely unstable.
The ball python bites you but does no damage.
The ball python closely misses you. The scorpion stings you.
You are poisoned.
The scorpion poisons you!
The orc wizard hits you but does no damage.
The ball python bites you but does no damage.
The ball python grabs you. The ball python constricts you.
The orc barely misses you.
You feel strangely stable.
You feel magically purged.
You feel very sick. The scorpion stings you.
You are lethally poisoned!
The scorpion poisons you! The ball python bites you.
The ball python constricts you.
The orc wizard hits you but does no damage.
The orc barely misses you. The orc hits you with a +0 flail.
It was a potion of curing.
You feel better. You block the scorpion's attack.
The ball python closely misses you. The ball python constricts you.
The orc priest mumbles some strange prayers to Beogh against you.
Beogh smites you!
* * * LOW HITPOINT WARNING * * *
The orc wizard barely misses you. You block the orc's attack.
The orc closely misses you.
As you read the scroll labelled ZYSKIU LYMUMU, it crumbles to dust.
Your body is wracked with pain!
* * * LOW HITPOINT WARNING * * *
The orc priest convulses! x2; The scorpion convulses!
The orc wizard convulses!
The orc convulses! x2; It was a scroll of torment.
The scorpion barely misses you. You block the ball python's attack.
The ball python constricts you. You block the orc priest's attack.
The orc wizard hits you with a +0 dagger.
* * * LOW HITPOINT WARNING * * *
The orc closely misses you. The orc hits you with a +0 flail.
* * * LOW HITPOINT WARNING * * *
As you read the scroll labelled BYM IFRINY, it crumbles to dust.
Magic quickly surges around you.
It was a scroll of vulnerability.
The scorpion stings you.
You die...

##########
......oso#
=....oo@.#
......oS.#
.........#
.........#
.........#
.........#
.........#
##########


You could see a scorpion (weak-willed), 2 orc priests, an orc wizard
(weak-willed), 2 orcs and a ball python (weak-willed).

Vanquished Creatures
  2 scorpions (D:4)
  An orc wizard (D:3)
  3 gnolls
  5 adders
  An ufetubus (D:3)
  5 orcs (D:3)
  3 endoplasms
  A giant cockroach (D:3)
  7 goblins
  2 hobgoblins
  6 kobolds
  4 quokkas
  9 ball pythons
  6 bats
  3 frilled lizards
  7 rats
  A spectral hobgoblin (D:1)
66 creatures vanquished.

Notes
Turn   | Place    | Note
-------+----------+-------------------------------------------
     0 | D:1      | jimonade the Deep Elf Hunter began the quest for the Orb.
     0 | D:1      | Reached XP level 1. HP: 12/12 MP: 3/3
   413 | D:1      | Reached skill level 6 in Ranged Weapons
   413 | D:1      | Reached XP level 2. HP: 15/16 MP: 4/4
   540 | D:1      | Found a faded altar of an unknown god.
  1181 | D:2      | Reached XP level 3. HP: 20/20 MP: 5/5
  1228 | D:2      | Reached skill level 7 in Ranged Weapons
  1627 | D:2      | Reached XP level 4. HP: 25/25 MP: 6/6
  2098 | D:3      | HP: 1/25 [ufetubus (4)]
  2893 | D:3      | Reached skill level 8 in Ranged Weapons
  3029 | D:4      | Found a shadowy altar of Dithmenos.
  3071 | D:4      | Reached XP level 5. HP: 29/29 MP: 7/7
  3091 | D:4      | Reached skill level 9 in Ranged Weapons
  3464 | D:4      | Noticed a steam dragon
  3472 | D:4      | Noticed an ogre
  3597 | D:4      | Reached XP level 6. HP: 34/34 MP: 8/8
  3679 | D:5      | Entered Level 5 of the Dungeon
  3684 | D:5      | Slain by a scorpion

Illustrated notes

Levels and vault maps discovered:
D:1:      lemuel_arrival_funnel, layout_loops_ring,
          dreamdust_ecumenical_altar_drowned_temple, minmay_misc_feat_rows,
          nicolae_concentric_dashed_squares_wild
D:2:      layout_basic
D:3:      layout_loops_ring, kennysheep_generic_room_3
D:4:      layout_basic, nicolae_dithmenos_shadow_blocks
D:5:      layout_rooms, mainiacjoe_overflow_catch_the_wave,
          minmay_temple_entry_offerings, kennysheep_generic_room_11

Skill      XL: |  1  2  3  4  5 |
---------------+----------------+-----
Ranged Weapons | 6 7 8 9 |  9.7
Fighting       | |  1.5
Dodging        | |  2.4
Stealth        | |  1.2

Action                   |  1- 3 |  4- 6 || total
-------------------------+-------+-------++-------
 Fire: Shortbow          |    94 |    96 ||   190
  Use: Scroll            |       |    11 ||    11
       Potion            |       |     2 ||     2
Armor: Leather armour    |     8 |       ||     8
       Ring mail         |       |    33 ||    33
Dodge: Dodged            |    25 |    41 ||    66
Block: Other             |     3 |    14 ||    17
       Reflection        |       |     1 ||     1

Table legend: (Time is in decaauts)
 A = Elapsed time spent in this place.
 B = Non-inter-level travel time spent in this place.
 C = Inter-level travel time spent in this place.
 D = Time resting spent in this place.
 E = Time spent auto-exploring this place.
 F = Levels seen in this place.
 G = Mean time per level.
                   A        B        C        D        E       F      G
               +--------+--------+--------+--------+--------+-----+--------+
         Total |   3745 |   3496 |    249 |    615 |   2114 |   5 |  749.0 |
       Dungeon |   3745 |   3496 |    249 |    615 |   2114 |   5 |  749.0 |
               +--------+--------+--------+--------+--------+-----+--------+

Top non-repeatable levels by time:
     D:3: 1255 daAuts
     D:1: 1182 daAuts
     D:2: 894 daAuts
     D:4: 409 daAuts
     D:5: 4 daAuts
